 Dungeon Crawl Stone Soup version 0.24-a0-584-g9d6b971ae4 (webtiles) character file.

Game seed: 5309499218111603175, levelgen mode: deterministic

182 Gynju the Shield-Bearer (level 5, -1/42 HPs)
             Began as a Formicid Fighter on Aug 30, 2019.
             Slain by an adder (3 damage)
             ... on level 6 of the Dungeon.
             The game lasted 00:03:28 (1435 turns).

Gynju the Shield-Bearer (Formicid Fighter)          Turns: 1435, Time: 00:03:29

Health: -1/42      AC:  7    Str: 27    XL:     5   Next: 93%
Magic:  5/5        EV:  8    Int:  7    God:
Gold:   66         SH: 10    Dex: 10    Spells: 4/4 levels left

rFire    . . .     SeeInvis +   a - +0 war axe
rCold    . . .     Gourm    .   c - +0 shield
rNeg     . . .     Faith    .   b - +0 scale mail
rPois    .         Spirit   .   (helmet unavailable)
rElec    .         Reflect  .   (no cloak)
rCorr    .         Harm     .   (no gloves)
MR       .....                  (no boots)
Stlth    ..........             (no amulet)
HPRegen  0.14/turn              (no ring)
MPRegen  0.09/turn              (no ring)

@: mighty, lethally poisoned (-1 -> -3)
A: permanent stasis, dig shafts and tunnels, four strong arms, antennae 3
a: Dig, Shaft Self


You were on level 6 of the Dungeon.
You were hungry.

You visited 1 branch of the dungeon, and saw 4 of its levels.

You collected 66 gold pieces.

Inventory:

Hand Weapons
 a - a +0 war axe (weapon)
Armour
 b - a +0 scale mail (worn)
 c - a +0 shield (worn)
Jewellery
 l - an uncursed ring of magical power {unknown}
Scrolls
 h - 2 scrolls of fear {unknown}
 j - a scroll of amnesia {unknown}
 k - a scroll of enchant weapon {unknown}
 m - a scroll of remove curse {unknown}
 o - a scroll of identify {unknown}
 p - a scroll of teleportation {unknown}
Potions
 e - a potion of mutation {unknown}
 g - a potion of heal wounds {unknown}
 i - 2 potions of curing {unknown}
Comestibles
 f - 4 rations


   Skills:
 + Level 4.1 Fighting
 * Level 3.8 Axes
 + Level 4.2 Armour
 + Level 4.6 Shields


You had 4 spell levels left.
You didn't know any spells.
Your spell library was empty.

Dungeon Overview and Level Annotations

Branches:
Dungeon (4/15)
 Temple: D:4-7

Altars:
Makhleb

Shops:
D:4 *


Innate Abilities, Weirdness & Mutations

You cannot be hasted, slowed, berserked, paralysed or teleported.
You can dig through walls and to a lower floor.
Your four strong arms can wield two-handed weapons with a shield.
You have a pair of large antennae on your head. (SInv)


Message History

The adder is almost dead.
The adder bites you.
* * * LOW HITPOINT WARNING * * *
The adder bites you.
* * * LOW HITPOINT WARNING * * *
You are lethally poisoned!
The adder poisons you!
You miss the adder.
The adder is almost dead.
* * * LOW HITPOINT WARNING * * *
You feel sick. The adder barely misses you.
You miss the adder.
The adder is almost dead.
* * * LOW HITPOINT WARNING * * *
You feel sick. You block the adder's attack. The adder barely misses you.
You miss the adder.
The adder is almost dead.
* * * LOW HITPOINT WARNING * * *
You feel sick. The adder bites you.
You die...

##### #...#
#+#o######
#.#......#
.{######.#
.o. {
#.###########
o.8
#......S@...#
.{{{{
#.#########.#
#o.
#.........#.#
#.#######.#.#
#.####### #.#
#.......# #.#
#######.# #)#
#.# #.# ..#
#.# #.#


You could see an adder.

Vanquished Creatures
  An orc warrior (D:6)
  A hound (D:4)
  A worker ant (D:4)
  A worm (D:2)
  A leopard gecko (D:1)
  4 orcs
  2 giant cockroaches
  3 goblins
  3 hobgoblins
  2 kobolds (D:1)
  A ball python (D:1)
  5 bats (D:1)
  2 frilled lizards (D:1)
  A leopard gecko skeleton (D:6)
  A quokka skeleton (D:4)
  2 rats
31 creatures vanquished.

Notes
Turn   | Place    | Note
-------+----------+-------------------------------------------
     0 | D:1      | Gynju the Formicid Fighter began the quest for the Orb.
     0 | D:1      | Reached XP level 1. HP: 18/18 MP: 1/1
   167 | D:1      | Reached XP level 2. HP: 19/24 MP: 2/2
   867 | D:2      | Reached XP level 3. HP: 27/29 MP: 3/3
   989 | D:2      | You fall into a shaft and drop 2 floors!
   999 | D:4      | Reached XP level 4. HP: 36/37 MP: 4/4
  1278 | D:4      | Found Meul's Assorted Antiques.
  1288 | D:4      | You fall into a shaft and drop 2 floors!
  1288 | D:6      | Found a burning altar of Makhleb.
  1340 | D:6      | Noticed an orc warrior
  1390 | D:6      | Killed an orc warrior
  1390 | D:6      | Reached XP level 5. HP: 7/42 MP: 5/5
  1435 | D:6      | HP: 2/42 [poisoned by an adder]
  1435 | D:6      | Slain by an adder

Levels and vault maps discovered:
D:1:      dpeg_arrival_rooms_a, layout_basic, chequers_serial_rivers_small_3,
          chequers_serial_rivers_micro_d, minmay_strange_pillars
D:2:      layout_basic, first_ration
D:4:      layout_rooms, nicolae_overflow_crystal_walls, serial_shops, shop
D:6:      layout_basic, temple_doors_cd, basic_altar, minmay_strange_pillars,
          corexii_checkpoint_b, grunt_ministairs_14, minmay_tree_intersection,
          bloody_makhleb

Skill      XL: |  1  2  3  4 |
---------------+-------------+-----
Shields        | 4 |  4.6
Axes           | 3 |  3.8
Fighting       | 4 |  4.1
Armour         | 4 |  4.2

Action                   |  1- 3 |  4- 6 || total
-------------------------+-------+-------++-------
Melee: War axe           |    91 |    35 ||   126
  Use: Potion            |       |     1 ||     1
  Eat: Chunk             |       |     1 ||     1
Armor: Scale mail        |    66 |     8 ||    74
Dodge: Dodged            |    36 |     9 ||    45
Block: Shield            |    64 |    16 ||    80

Table legend:
 A = Non-vault XP
 B = Vault XP
 C = Vault XP percentage of total XP
 D = Non-vault monster count
 E = Vault monster count
 F = Vault count percentage of total count
                 A         B        C        D         E       F
            +---------+---------+-------+---------+---------+-------
      Total |     122 |     138 |  53.1 |      27 |       4 |  12.9
            +---------+---------+-------+---------+---------+-------
        D:1 |      28 |       0 |   0.0 |      17 |       0 |   0.0
        D:2 |      12 |       0 |   0.0 |       5 |       0 |   0.0
        D:4 |      81 |       0 |   0.0 |       4 |       0 |   0.0
        D:6 |       1 |     138 |  99.3 |       1 |       4 |  80.0
            +---------+---------+-------+---------+---------+-------
